 Dungeon Crawl Stone Soup version 0.30.0-29-ga12c61a403 (webtiles) character file.

Game seed: 14895607511532846055

16 qw the Shield-Bearer (level 2, -2/19 HPs)
             Began as a Gargoyle Fighter on June 4, 2023.
             Slain by a hobgoblin (4 damage)
             ... on level 1 of the Dungeon.
             The game lasted 00:00:15 (505 turns).

qw the Shield-Bearer (Gargoyle Fighter)              Turns: 505, Time: 00:00:16

Health: -2/19      AC:  9    Str: 25    XL:     2   Next: 54%
Magic:  2/2        EV:  5    Int:  8    God:
Gold:   20         SH:  0    Dex:  9    Spells: 1/1 levels left

rFire   . . .        Y - +0 war axe
rCold   . . .        c - +0 buckler
rNeg    + . .        b - +0 scale mail
rPois   inf          (no helmet)
rElec   +            (no cloak)
rCorr   .            (no gloves)
SInv    .            (no boots)
Will    .....        (no amulet) Stlth
                     f - +6 ring of strength
HPRegen 0.23/turn    (no ring)
MPRegen 0.08/turn

%: no passive effects
@: held
A: sickness immunity, AC +2, negative energy resistance 1, electricity
resistance, torment resistance 1, petrification resistance
a: no special abilities


You were on level 1 of the Dungeon.
You visited 1 branch of the dungeon, and saw 1 of its levels.

You collected 20 gold pieces.


Innate Abilities, Weirdness & Mutations

You are immune to sickness and miasma.
Your stone body is resilient. (AC +2)
You are immune to poison.
You resist negative energy. (rN+)
You are resistant to electric shocks. (rElec)
You are resistant to unholy torment.
You are immune to petrification.


   Skills:
 - Level 3.2 Fighting
 + Level 2.8 Axes
 - Level 3.2 Armour
 - Level 3.2 Shields


You had one spell level left.
You didn't know any spells.
Your spell library was empty.

Inventory:

Hand Weapons
 g - a +0 club
 Y - a +0 war axe (weapon)
Missiles
 l - a javelin (quivered)
Armour
 b - a +0 scale mail (worn)
 c - a +0 buckler (worn)
Jewellery
 f - a +6 ring of strength (left hand)
Potions
 d - a potion of might
 e - a potion of brilliance {unknown}
 h - a potion of attraction {unknown}
 i - 2 potions of haste {unknown}

Dungeon Overview and Level Annotations

Branches:
Dungeon (1/15)

Altars:

Shops:
D:1 ?


Message History

The goblin hits you but does no damage.
The hobgoblin hits you but does no damage.
The hobgoblin hits you but does no damage.
The goblin hits you with a +0 club. The goblin hits you but does no damage.
The hobgoblin hits you but does no damage.
The goblin hits you but does no damage. The hobgoblin barely misses you.
The goblin hits you but does no damage.
The hobgoblin hits you but does no damage.
The hobgoblin hits you. The goblin hits you but does no damage.
The goblin hits you with a +0 club. The hobgoblin hits you.
The goblin hits you but does no damage.
The hobgoblin hits you but does no damage.
The hobgoblin barely misses you. The goblin hits you but does no damage.
494 ||| READING scroll labelled BYLOMU ZICS.
As you read the scroll labelled BYLOMU ZICS, it crumbles to dust.
It is a scroll of amnesia.
You feel forgetful for a moment. The goblin hits you but does no damage.
The hobgoblin hits you but does no damage.
The goblin hits you but does no damage.
The hobgoblin hits you but does no damage.
The hobgoblin hits you but does no damage.
The goblin hits you but does no damage. The goblin hits you but does no damage.
The hobgoblin hits you but does no damage.
The goblin hits you but does no damage. The hobgoblin barely misses you.
The goblin hits you but does no damage.
The hobgoblin hits you but does no damage.
The hobgoblin barely misses you. The goblin hits you but does no damage.
The goblin hits you but does no damage.
The hobgoblin hits you but does no damage.
The goblin hits you with a +0 club.
The hobgoblin hits you but does no damage.
The hobgoblin barely misses you. The goblin hits you but does no damage.
The goblin hits you but does no damage. The hobgoblin hits you.
505 ||| READING scroll labelled HALUIC JACH.
As you read the scroll labelled HALUIC JACH, it crumbles to dust.
Wisps of shadow whirl around you...
It was a scroll of summoning.
The goblin hits you but does no damage. The hobgoblin hits you.
You die...

.###.####### .###.#
..##.# #....#####
.###.....####
....###.....#
###.....#...##########
###.........J..r...#
##..^..^^.^.@g^!.#
#.#.#.#._P#g#w#.#
#.#.#.#####B# #
#..#.#. .#.
######..P#.## ## #.
......... #. ..
......... ## $.
####### .(B .(#


You could see a giant cockroach, a hobgoblin (ally target), a goblin (ally
target), a friendly dart slug (summoned), a friendly endoplasm (summoned) and a
friendly rat (summoned).

Vanquished Creatures
  2 dart slugs (D:1)
  A ball python (D:1)
  An endoplasm (D:1)
  3 hobgoblins (D:1)
  2 bats (D:1)
  A frilled lizard (D:1)
  A goblin (D:1)
  A rat (D:1)
12 creatures vanquished.

Notes
Turn   | Place    | Note
-------+----------+-------------------------------------------
     0 | D:1      | qw the Gargoyle Fighter began the quest for the Orb.
     0 | D:1      | Reached XP level 1. HP: 14/14 MP: 1/1
     0 | D:1      | 0 ||| qw: Version: 0.2-a-107-g4668610
     0 | D:1      | 0 ||| qw: Game counter: 1244
     0 | D:1      | 0 ||| qw: Always use a shield: true
     0 | D:1      | 0 ||| qw: God list: Okawaru
     0 | D:1      | 0 ||| qw: Allow faded altars: false
     0 | D:1      | 0 ||| qw: Do Orc after D:15 true
     0 | D:1      | 0 ||| qw: Do second Lair branch before Depths: true
     0 | D:1      | 0 ||| qw: Lair rune preference: random
     0 | D:1      | 0 ||| qw: Plans: Normal, Zot:1-4, Slime:5, God:TSO, Crypt,
                  | Tomb, Abyss, Pan, Hells, Win
     0 | D:1      | 0 ||| PLANNING D:1-11
    46 | D:1      | 46 ||| Stepping ~*~*~tactically~*~*~ (hiding).
   236 | D:1      | Found Gene's Magic Scroll Boutique.
   246 | D:1      | 246 ||| SHOPLISTING scroll of enchant weapon (97 gold, have
                  | 0).
   246 | D:1      | 246 ||| SHOPLISTING scroll of identify (26 gold, have 0).
   246 | D:1      | 246 ||| SHOPLISTING scroll of teleportation (39 gold, have
                  | 0).
   256 | D:1      | Reached XP level 2. HP: 19/19 MP: 2/2
   277 | D:1      | 277 ||| Stepping ~*~*~tactically~*~*~ (stealth).
   278 | D:1      | 278 ||| Stepping ~*~*~tactically~*~*~ (stealth).
   454 | D:1      | Found a faded altar of an unknown god.
   467 | D:1      | 467 ||| Stepping ~*~*~tactically~*~*~ (stealth).
   472 | D:1      | 472 ||| Stepping ~*~*~tactically~*~*~ (stealth).
   483 | D:1      | 483 ||| UPGRADING to +6 ring of strength.
   494 | D:1      | 494 ||| READING scroll labelled BYLOMU ZICS.
   504 | D:1      | HP: 2/19 [hobgoblin (4)]
   505 | D:1      | 505 ||| READING scroll labelled HALUIC JACH.
   505 | D:1      | Slain by a hobgoblin

Levels and vault maps discovered:
D:1:      spicycebolla_green_bress_n_ham, layout_rooms,
          shapermc_ecumenical_altar_rom_forum, serial_shops, shop,
          minmay_split_cup_large

Skill      XL: |  1 |
---------------+----+-----
Axes           | 2 |  2.8
Fighting       | |  3.2
Armour         | |  3.2
Shields        | |  3.2

Action                     || total
---------------------------++-------
  Melee: War axe           ||    25
  Throw: Javelin           ||     2
    Use: Scroll            ||     2
 Armour: Scale mail        ||    52
  Dodge: Dodged            ||    19
  Block: Buckler           ||     4

Table legend:
 A = Non-vault XP
 B = Vault XP
 C = Vault XP percentage of total XP
 D = Non-vault monster count
 E = Vault monster count
 F = Vault count percentage of total count
                 A         B        C        D         E       F
            +---------+---------+-------+---------+---------+-------
      Total |      23 |       0 |   0.0 |      12 |       0 |   0.0
            +---------+---------+-------+---------+---------+-------
        D:1 |      23 |       0 |   0.0 |      12 |       0 |   0.0
            +---------+---------+-------+---------+---------+-------
